 Dungeon Crawl Stone Soup version 0.29.1-1-gd02db69 (webtiles) character file.

Game seed: 6432554475034819246

39956 Timinator the Black Belt (level 13, -4/127 HPs)
             Began as a Demigod Transmuter on Dec 20, 2022.
             Shot with an arrow by Nessos (12 damage)
             ... on level 3 of the Lair of Beasts.
             The game lasted 01:54:52 (23299 turns).

Timinator the Black Belt (Demigod Transmuter)      Turns: 23299, Time: 01:54:53

Health: -4/127     AC:  7    Str: 19    XL:     13   Next: 37%
Magic:  22/25      EV: 17    Int: 15    God:
Gold:   584        SH:  0    Dex: 28    Spells: 16/23 levels left

rFire   x . .      SeeInvis .     - Unarmed
rCold   + + +      Faith    .   (shield currently unavailable)
rNeg    . . .      Spirit   .   (body armour currently unavailable)
rPois   +          Reflect  .   (helmet currently unavailable)
rElec   .          Harm     .   (cloak currently unavailable)
rCorr   .          Rampage  .   (gloves currently unavailable)
Will    +....                   (boots currently unavailable)
Stlth   +++.......              (no amulet)
HPRegen 0.31/turn               n - +6 ring of dexterity
MPRegen 0.19/turn               C - +4 ring of slaying

@: lethally poisoned (-4 -> -10), ice-form (expiring), wereblooded, studying 2
skills, invisible
A: freezing attack, amphibious, boosted hp, large, high MP 1, forlorn, divine
attributes
a: End Transformation


You were on level 3 of the Lair of Beasts.
You were a creature of crystalline ice.
You visited 2 branches of the dungeon, and saw 14 of its levels.
You also visited: Ice Cave.

You collected 1019 gold pieces.
You spent 435 gold pieces at shops.

Inventory:

Missiles
 c - 2 throwing nets
 B - 8 poisoned darts
Armour
 j - a +0 pair of boots (melded)
 p - a +1 ring mail (melded)
 x - a +2 pair of gloves of infusion (melded)
 D - the -2 hat of the Alchemist (melded) {rElec rPois rF+ rC+ rN+ Will+ rMut rCorr}
   (You found it on level 8 of the Dungeon)

   rF:        It protects you from fire.
   rC:        It protects you from cold.
   rElec:     It insulates you from electricity.
   rPois:     It protects you from poison.
   rN:        It protects you from negative energy.
   rCorr:     It protects you from acid and corrosion.
   rMut:      It protects you from mutation.
   Will:      It increases your willpower.
 O - a +0 cloak (melded)
Jewellery
 a - the ring "Uloxumig" {Fire Int+2}
   (You found it on level 5 of the Dungeon)

   [ring of fire]

   It enhances your fire magic.
   Int:       It affects your intelligence (+2).
   rF:        It protects you from fire.
   rC:        It makes you vulnerable to cold.
 e - a ring of ice
 n - a +6 ring of dexterity (left front paw)
 v - a ring of flight
 C - a +4 ring of slaying (right front paw)
Wands
 k - a wand of roots (11)
 m - a wand of mindburst (4)
 q - a wand of charming (23)
 w - a wand of polymorph (15)
 y - a wand of flame (16)
 K - a wand of digging (3)
Scrolls
 b - 2 scrolls of magic mapping
 f - a scroll of poison
 h - a scroll of fear
 l - a scroll of silence
 o - a scroll of brand weapon
 r - 2 scrolls of vulnerability
 E - a scroll of enchant weapon
 F - 4 scrolls of teleportation
Potions
 d - a potion of ambrosia
 g - 2 potions of resistance
 i - 2 potions of attraction
 u - 3 potions of degeneration
 z - 2 potions of flight
 A - 2 potions of curing
 G - a potion of mutation {unknown}
 H - a potion of haste
 J - a potion of experience
 L - 2 potions of might
 N - a potion of magic {unknown}
 P - a potion of brilliance {unknown}


   Skills:
 * Level 7.6 Fighting
 - Level 3.0 Armour
 * Level 7.9 Dodging
 + Level 3.7 Stealth
 + Level 15.4 Unarmed Combat
 + Level 5.7 Spellcasting
 * Level 9.3 Transmutations
 - Level 3.0 Ice Magic
 - Level 3.4 Evocations


You had 16 spell levels left.
You knew the following spells:

 Your Spells              Type           Power      Damage    Failure   Level
a - Wereblood             Tmut           32%        N/A       1%          2
b - Ice Form              Ice/Tmut       22%        N/A       12%         4
c - Beastly Appendage     Tmut           64%        N/A       1%          1

Your spell library contained the following spells:

 Spells                   Type           Power      Damage    Failure   Level
 Freeze                   Ice            52%        1d7       4%          1
 Spider Form              Tmut/Pois      18%        N/A       7%          3
 Ensorcelled Hibernation  Hex/Ice        16%        N/A       12%         2
 Slow                     Hex            16%        N/A       16%         1
 Blink                    Tloc           8%         N/A       22%         2
 Static Discharge         Conj/Air       4%         3-4/arc   22%         2
 Confusing Touch          Hex            4%         N/A       41%         3
 Lesser Beckoning         Tloc           4%         N/A       41%         3
 Vampiric Draining        Necr           4%         2d6       41%         3
 Anguish                  Hex/Necr       2%         N/A       83%         4
 Dispel Undead            Necr           4%         3d7       83%         4
 Fulminant Prism          Conj/Hex       2%         3d6       83%         4
 Iskenderun's Mystic Bla  Conj/Tloc      4%         2d3       83%         4
 Sticky Flame             Conj/Fire      4%         2d3       83%         4
 Metabolic Englaciation   Hex/Ice        4%         N/A       92%         5
 Lee's Rapid Deconstruct  Erth           2%         3d5*      99%         5
 Manifold Assault         Tloc           4%         N/A       99%         5
 Simulacrum               Ice/Necr       4%         N/A       100%        6
 Ozocubu's Refrigeration  Ice            6%         4d8       100%        7
 Polar Vortex             Ice            6%         N/A       100%        9


Dungeon Overview and Level Annotations

Branches:
Dungeon (11/15)            Temple (0/1) D:7            Lair (3/5) D:9
 Spider (0/4) Lair:2        IceCv (visited)
  Swamp: Lair:2-3    Shoals: Lair:2-3       Orc: D:9-12

Shops:
D:1 (   D:3 [   D:4 =   D:7 (   D:8 !

Annotations:
D:6 1 runed translucent door, Crazy Yiuf
Lair:3 Nessos


Innate Abilities, Weirdness & Mutations

You are a creature of crystalline ice.
You have a powerful freezing melee attack.
You are amphibious.
Your maximum health is increased.
Your armour is entirely melded.
You are incapable of wielding weapons or throwing items.
You have an increased reservoir of magic. (+10% MP)
You shall have no god before yourself.
Your divine heritage dramatically boosts your attributes as you level up.


Message History

The death yak is heavily wounded.
You hear a bellow! x3
A wolf comes into view.
A death yak comes into view.
The death yak misses you.
You pummel the death yak like a punching bag!!!
You freeze the death yak!
You feel a bit better.
You kill the death yak!
You howl as the wereblood boils in your veins!
You hear a shout!
You hear a bellow!
A death yak comes into view.
Nessos wields a +1 longbow of flaming.
It bursts into flame!
Nessos shoots an arrow.
The arrow completely misses you.
Nessos shoots an arrow.
The arrow hits you!! The arrow melts you.
You are poisoned.
You howl as the wereblood boils in your veins!
You feel extremely sick.
Nessos shoots an arrow.
The arrow misses you.
You feel very sick.
Nessos says, "Even if you were a mare, I'd kill you!"
Nessos shoots an arrow.
The arrow hits you. The arrow melts you.
Nessos shoots an arrow.
The arrow hits you!! The arrow melts you!
Your transformation is almost over.
You feel very sick.
Nessos shoots an arrow.
The arrow hits you!
* * * LOW HITPOINT WARNING * * *
The arrow melts you.
* * * LOW HITPOINT WARNING * * *
You fade into invisibility!
You howl as the wereblood boils in your veins!
You feel very sick.
Nessos shoots an arrow.
The arrow closely misses you.
Nessos shoots an arrow.
The arrow hits you but does no damage.
You feel sick.
You feel very sick.
Nessos shoots an arrow.
The arrow hits you!
* * * LOW HITPOINT WARNING * * *
The arrow melts you.
* * * LOW HITPOINT WARNING * * *
Nessos shoots an arrow.
The arrow hits you!
You die...

###....~♣ .. #P#..♣ ♣♣♣♣♣ ...
###....♣♣♣.♣.♣ ♣♣♣♣♣♣......
........♣....♣♣♣♣#♣..♣........
..............................
..............................
.................)...........Y
........[.......P......Y......
.........<......Yh............
.............................:
..............................
.......................Y......
.....................†........
#..#..........................
###............##...P.##......
# ##...........#######c.......
#...........## ........


You could see 2 death yaks, Nessos (unable to see you) and a wolf.

Vanquished Creatures
  A frost giant (IceCv)
  2 hydras (Lair:3)
  A boulder beetle (D:10)
  A catoblepas (Lair:2)
  5 two-headed ogres
  11 death yaks
  An ugly thing (IceCv)
  3 cyclopes (D:11)
  2 manticores (D:11)
  3 elephants (Lair:1)
  An ice statue (IceCv)
  A black mamba (Lair:2)
  2 gargoyles
  A torpor snail (Lair:1)
  The ghost of da312102 the Covered, a novice HuFi (D:5)
  5 cane toads
  6 rime drakes (IceCv)
  4 komodo dragons
  6 polar bears (IceCv)
  2 trolls
  A hornet (D:9)
  6 blink frogs (Lair:1)
  A jumping spider (Lair:2)
  A shadow (D:11)
  A wraith (D:11)
  3 wyverns (Lair:1)
  37 yaks
  A basilisk (Lair:2)
  A redback (Lair:2)
  A steam dragon (D:8)
  9 water moccasins
  3 orc warriors
  A sky beast (D:5)
  An ice beast (D:6)
  An ogre (D:4)
  12 wolves
  4 centaurs
  A phantom (D:6)
  A kobold brigand (D:7)
  A necrophage (D:7)
  A two-headed ogre simulacrum (D:11)
  6 scorpions
  6 gnoll sergeants
  8 bullfrogs
  10 wights
  19 killer bees
  4 electric eels
  4 lava snakes
  7 orc priests
  2 gnoll boudas
  8 hounds
  Natasha (thrice) (D:3)
  An iguana (D:5)
  17 orc wizards
  2 troll simulacra (D:11)
  40 gnolls
  4 adders
  A river rat (Lair:1)
  A naga simulacrum (D:11)
  A shadow imp (D:5)
  A white imp (D:7)
  An ufetubus (D:5)
  A worm (D:4)
  2 dart slugs
  57 orcs
  A bat (D:1)
  5 endoplasms
  2 giant cockroaches
  3 goblins
  2 hobgoblins (D:4)
  4 quokkas
  4 ball pythons
  2 frilled lizards (D:3)
  6 kobolds
  4 rats
386 creatures vanquished.

Vanquished Creatures (others)
  10 fungi
  12 plants
22 creatures vanquished.

Grand Total: 408 creatures vanquished

Notes
Turn   | Place    | Note
-------+----------+-------------------------------------------
     0 | D:1      | Timinator the Demigod Transmuter began the quest for the
                  | Orb.
     0 | D:1      | Reached XP level 1. HP: 15/15 MP: 5/5
   272 | D:1      | Reached skill level 1 in Fighting
   410 | D:1      | Found Ciptatan's Antique Weapon Emporium.
   902 | D:2      | Reached XP level 2. HP: 23/23 MP: 5/7
   946 | D:2      | You fall into a shaft and drop 2 floors!
   949 | D:4      | Found Azxynn's Jewellery Boutique.
   969 | D:4      | Reached skill level 3 in Unarmed Combat
   969 | D:4      | Reached XP level 3. HP: 28/28 MP: 6/8
  1039 | D:3      | Learned a level 2 spell: Wereblood
  1041 | D:3      | Noticed Natasha
  1048 | D:4      | Reached skill level 1 in Armour
  1090 | D:3      | Killed Natasha
  1091 | D:3      | Reached XP level 4. HP: 19/35 MP: 6/9
  1597 | D:3      | Found Rethitud's Armour Shoppe.
  1810 | D:3      | Noticed Natasha
  1819 | D:3      | Killed Natasha
  2074 | D:3      | Noticed Natasha
  2085 | D:3      | Killed Natasha
  2086 | D:3      | Reached XP level 5. HP: 22/41 MP: 11/11
  2951 | D:4      | Reached XP level 6. HP: 41/48 MP: 9/12
  3210 | D:4      | Reached skill level 4 in Unarmed Combat
  3591 | D:4      | Reached XP level 7. HP: 48/56 MP: 11/14
  3845 | D:5      | Entered Level 5 of the Dungeon
  4233 | D:5      | Found a transporter.
  4233 | D:5      | Found a transporter.
  4242 | D:5      | Noticed da312102's ghost (novice HuFi)
  6128 | D:5      | Reached XP level 8. HP: 14/63 MP: 12/16
  6410 | D:5      | Reached skill level 5 in Unarmed Combat
  6724 | D:6      | Reached skill level 5 in Transmutations
  7028 | D:6      | Noticed a gargoyle
  7118 | D:5      | Reached skill level 11 in Unarmed Combat
  7118 | D:5      | Reached XP level 9. HP: 66/66 MP: 15/17
  7128 | D:6      | HP: 1/66 [gargoyle/+0 flail (15)]
  7129 | D:6      | Killed a gargoyle
  7130 | D:6      | Reached skill level 12 in Unarmed Combat
  7752 | D:6      | Found a runed translucent door.
  7753 | D:6      | Noticed Crazy Yiuf
  8361 | D:7      | Found a staircase to the Ecumenical Temple.
  8968 | D:7      | Found Amix's Antique Weapon Shoppe.
  9366 | D:3      | Bought a +1 pair of gloves of infusion for 165 gold pieces
  9758 | D:5      | Reached XP level 10. HP: 70/79 MP: 12/19
  9771 | D:5      | Killed da312102's ghost
 10117 | D:5      | Identified the ring "Uloxumig" {Fire Int+2}
 10411 | D:8      | Found the -2 hat of the Alchemist {rElec rPois rF+ rC+ rN+
                  | Will+ rMut rCorr}
 10984 | D:8      | Noticed a two-headed ogre
 11001 | D:8      | Killed a two-headed ogre
 11007 | D:8      | Reached skill level 5 in Dodging
 11163 | D:8      | Reached skill level 1 in Evocations
 11323 | D:8      | Found Turaad's Distillery.
 11345 | D:8      | Bought a potion of curing for 45 gold pieces
 11345 | D:8      | Bought a potion of haste for 150 gold pieces
 11345 | D:8      | Bought a potion of berserk rage for 75 gold pieces
 11568 | D:9      | Found a staircase to the Lair.
 12160 | D:9      | Paralysed by a hornet for 1 turns
 12435 | Lair:1   | Entered Level 1 of the Lair of Beasts
 12463 | Lair:1   | Learned a level 4 spell: Ice Form
 12505 | Lair:1   | Noticed a torpor snail
 12700 | Lair:1   | Reached skill level 5 in Fighting
 12707 | Lair:1   | Killed a torpor snail
 13108 | Lair:1   | Reached XP level 11. HP: 75/86 MP: 15/21
 13143 | Lair:1   | Reached skill level 13 in Unarmed Combat
 14259 | Lair:1   | HP: 4/88 [blink frog (14)]
 14264 | Lair:1   | Reached skill level 1 in Stealth
 15154 | Lair:2   | Found a hole to the Spider Nest.
 16405 | Lair:3   | Noticed a catoblepas
 16406 | Lair:3   | Noticed a six-headed hydra
 16425 | Lair:2   | Killed a catoblepas
 16475 | Lair:3   | Killed a six-headed hydra
 16746 | Lair:3   | Noticed a death yak
 16746 | Lair:3   | Noticed a death yak
 16747 | Lair:3   | Noticed a death yak
 16748 | Lair:3   | Noticed a death yak
 17268 | Lair:2   | Killed a death yak
 17269 | Lair:2   | Reached skill level 14 in Unarmed Combat
 17275 | Lair:2   | Killed a death yak
 17276 | Lair:2   | Reached XP level 12. HP: 48/96 MP: 13/23
 17970 | Lair:3   | Noticed Nessos
 17987 | Lair:3   | Noticed a seven-headed hydra
 18004 | Lair:3   | HP: 2/97 [seven-headed hydra (8)]
 18766 | D:10     | Entered Level 10 of the Dungeon
 18997 | D:10     | Reached skill level 5 in Spellcasting
 19222 | D:10     | Reached skill level 1 in Ice Magic
 19311 | D:10     | Found the +6 shillelagh "Devastator" {shatter}
 19312 | D:10     | Noticed a two-headed ogre
 19313 | D:10     | Noticed a two-headed ogre
 19323 | D:10     | Killed a two-headed ogre
 19327 | D:10     | Killed a two-headed ogre
 19385 | D:10     | Noticed a boulder beetle
 19409 | D:10     | Killed a boulder beetle
 20365 | D:11     | Found a frozen archway.
 20388 | IceCv    | Entered an ice cave
 20992 | IceCv    | Reached XP level 13. HP: 61/105 MP: 25/25
 21382 | IceCv    | Noticed a frost giant
 21398 | IceCv    | Killed a frost giant
 21399 | IceCv    | Reached skill level 15 in Unarmed Combat
 21759 | IceCv    | Got Sif Muna's Octavo of Rime
 23299 | Lair:3   | Shot with an arrow by Nessos

Illustrated notes

Levels and vault maps discovered:
D:1:      giann_forest_graveyard, layout_basic, serial_shops,
          nicolae_shop_window_shopping, hellmonk_ecumenical_altar_zigzags
D:2:      layout_basic, basic_altar, lemuel_flame_loot_1, uniq_robin
D:3:      layout_rooms, kennysheep_slug_shrine, serial_shops,
          nicolae_shop_behind_doors, serial_rivers,
          chequers_serial_rivers_micro_c, chequers_serial_rivers_micro_c,
          chequers_serial_rivers_micro_c, chequers_serial_rivers_micro_a,
          kennysheep_cross_bottleneck, corexii_corridor_pit,
          minmay_misc_feat_square, minmay_ruptured, uniq_natasha
D:4:      minmay_chambers_of_twos, layout_basic, kennysheep_mini, serial_shops,
          nicolae_inconvenience_store, minmay_close_crescents
D:5:      layout_basic, gammafunk_ghost_gnarly_gnolls,
          kennysheep_generic_room_15
D:6:      layout_rooms, nicolae_overflow_hidden_temple,
          grunt_temple_overflow_open, minmay_manual_monstrance,
          uniq_crazy_yiuf_cottage
D:7:      layout_cave_pools, minmay_temple_entry_grid, serial_shops,
          nicolae_shop_crystal, kennysheep_generic_room_4
D:8:      layout_loops_cross, mainiacjoe_overflow_alcove_2,
          nicolae_overflow_crystal_walls, serial_shops, kennysheep_little_box,
          grunt_decor_junction
D:9:      nicolae_cairo_tiling, layout_basic
D:10:     layout_roguey, dk_vineyard_3, dilly_guarded_unrand_devastator
D:11:     layout_loops_ring, portal_ice_cave_entry_ice_simulacra, st_stairs_3
Lair:1:   layout_cave_pods, pond
Lair:2:   layout_roguey, spider_nest_entry_a, nicolae_lair_liquid_snakes
Lair:3:   layout_hall_layers, palyth_hydra_swamp_entry, uniq_nessos

Skill      XL: |  1  2  3  4  5  6  7  8  9 10 11 12 13 |
---------------+----------------------------------------+-----
Fighting       | 1 2 3 4 5 6 7 |  7.6
Transmutations | 2 3 4 5 6 7 8 9 |  9.3
Dodging        | 2 3 4 5 6 7 |  7.9
Unarmed Combat | 3 4 11 12 14 15 | 15.4
Spellcasting   | 2 3 4 5 |  5.7
Armour         | 1 2 3 |  3.0
Evocations     | 2 3 |  3.4
Stealth        | 3 |  3.7
Ice Magic      | 3 |  3.0

Action                   |  1- 3 |  4- 6 |  7- 9 | 10-12 | 13-15 || total
-------------------------+-------+-------+-------+-------+-------++-------
Melee: Unarmed           |    46 |   130 |   281 |   702 |   100 ||  1259
       Headbutt          |    11 |    14 |    57 |    36 |       ||   118
       Kick              |     6 |    42 |    85 |    69 |       ||   202
       Punch             |       |     1 |    14 |    66 |     6 ||    87
 Cast: Beastly Appendage |    12 |    24 |    33 |    23 |     1 ||    93
       Wereblood         |     2 |     5 |    18 |    50 |     7 ||    82
       Ice Form          |       |       |       |     5 |     4 ||     9
Evoke: Wand              |       |       |       |     3 |       ||     3
  Use: Potion            |     1 |       |     7 |    10 |     2 ||    20
       Scroll            |       |       |     8 |    15 |     5 ||    28
 Stab: Sleeping          |       |     2 |     1 |     1 |     2 ||     6
Armor: Leather armour    |     6 |    17 |     7 |       |       ||    30
       Robe              |     2 |       |       |       |       ||     2
       Skin              |     5 |     5 |    17 |    24 |     7 ||    58
       Ring mail         |       |       |    51 |    57 |     5 ||   113
       Scale mail        |       |       |       |   113 |       ||   113
Dodge: Dodged            |    23 |    70 |   202 |   389 |    45 ||   729
